 Dungeon Crawl Stone Soup version 0.31-a0-232-gb1c03b2570 (webtiles) character file.

Game seed: 1461379405194099530

55 qw the Shooter (level 3, 0/21 HPs)
             Began as a Gargoyle Hexslinger on July 7, 2023.
             Killed from afar by Sigmund (10 damage)
             ... with a magic dart
             ... on level 2 of the Dungeon.
             The game lasted 00:00:35 (1041 turns).

qw the Shooter (Gargoyle Hexslinger)                Turns: 1041, Time: 00:00:36

Health: 0/21       AC:  6    Str: 11    XL:     3   Next: 93%
Magic:  4/4        EV: 11    Int: 13    God:
Gold:   35         SH:  5    Dex: 14    Spells: 3/4 levels left

rFire   . . .        Y - +1 sling
rCold   . . .        (no shield)
rNeg    + . .        d - +0 leather armour
rPois   inf          (no helmet)
rElec   +            (no cloak)
rCorr   +            (no gloves)
SInv    .            (no boots)
Will    .....        b - amulet of reflection
Stlth   +            c - ring of resist corrosion
HPRegen 0.23/turn    (no ring)
MPRegen 0.09/turn

%: reflection
@: no status effects
A: sickness immunity, AC +3, negative energy resistance 1, electricity
resistance, torment resistance 1, petrification resistance
a: no special abilities


You were on level 2 of the Dungeon.
You visited 1 branch of the dungeon, and saw 2 of its levels.

You collected 35 gold pieces.


Innate Abilities, Weirdness & Mutations

You are immune to sickness and miasma.
Your stone body is resilient. (AC +3)
You are immune to poison.
You resist negative energy. (rN+)
You are resistant to electric shocks. (rElec)
You are resistant to unholy torment.
You are immune to petrification.


   Skills:
 - Level 2.0 Fighting
 + Level 3.8 Ranged Weapons
 - Level 1.5 Dodging
 - Level 1.0 Spellcasting
 - Level 2.6 Hexes


You had 3 spell levels left.
You knew the following spells:

 Your Spells              Type           Power      Damage    Failure   Level
a - Slow                  Hex            28%        N/A       12%         1

Your spell library contained the following spells:

 Spells                   Type           Power      Damage    Failure   Level
 Inner Flame              Hex/Fire       4%         N/A       54%         3
 Portal Projectile        Hex/Tloc       8%         N/A       54%         3
 Cause Fear               Hex            3%         N/A       77%         4

Inventory:

Hand Weapons
 Y - a +1 sling (weapon)
Armour
 d - a +0 leather armour (worn)
Jewellery
 b - an amulet of reflection (around neck)
 c - a ring of resist corrosion (left hand)
Potions
 a - a potion of brilliance {unknown}
 e - a potion of enlightenment {unknown}

Dungeon Overview and Level Annotations

Branches:
Dungeon (2/15)

Altars:

Shops:
D:1 [(**

Annotations:
D:2 Sigmund


Message History

You are confused.
Sigmund points at you and mumbles some strange words.
The magic dart hits you! The quokka barely misses you.
The quokka bites you but does no damage.
Sigmund points at you and mumbles some strange words.
You resist with significant effort. The quokka bites you.
Sigmund says, "You will soon forget everything."
You feel less confused.
The quokka bites you but does no damage.
You shoot a sling bullet.
The sling bullet completely misses the quokka.
The quokka closely misses you.
Sigmund points at you and mumbles some strange words.
The magic dart hits you but does no damage.
You block the quokka's attack.
You shoot a sling bullet. The sling bullet hits the quokka.
You kill the quokka!
You shoot a sling bullet.
The sling bullet hits Sigmund but does no damage.
Sigmund is heavily wounded.
Sigmund closely misses you.
You shoot a sling bullet. The sling bullet hits Sigmund.
Sigmund is heavily wounded.
Sigmund hits you from afar with a +0 scythe.
You shoot a sling bullet.
The sling bullet closely misses Sigmund.
You shoot a sling bullet. The sling bullet hits Sigmund.
Sigmund is severely wounded.
Sigmund misses you.
You shoot a sling bullet.
The sling bullet hits Sigmund but does no damage.
Sigmund is severely wounded.
Sigmund hits you from afar with a +0 scythe.
You shoot a sling bullet. The sling bullet hits Sigmund.
Sigmund is severely wounded.
Sigmund gestures at you while chanting. The magic dart hits you!
You die...

..........#.####.####.## *,*
.....%..........[.....## *,*
.......#.......#.####### *,*
#....###.........#######***,*
#....# #................,,,,*
#%#.## #.......#.#######*****
....#* #.#.###.#@#######
.....**#.#.###.#.#######
..##..,....###.#@#######
..#*,,*#.#####..%#######
..#*,,,,*.......########
,.#**,**,######.########
,,.,,,**,######.########
,,,,,,,,,######[########
,,**,,,,,*****#.*
,,**,,,,,,,,,,..*
,,,,,,,,,********


You could see Sigmund.

Vanquished Creatures
  An adder (D:2)
  A worm (D:1)
  A dart slug (D:1)
  A ball python (D:1)
  5 endoplasms
  2 giant cockroaches (D:1)
  2 goblins (D:1)
  4 hobgoblins
  5 kobolds
  3 quokkas
  8 bats
  A frilled lizard (D:1)
  4 rats
38 creatures vanquished.

Notes
Turn   | Place    | Note
-------+----------+-------------------------------------------
     0 | D:1      | qw the Gargoyle Hexslinger began the quest for the Orb.
     0 | D:1      | Reached XP level 1. HP: 12/12 MP: 2/2
     0 | D:1      | 0 ||| qw: Version: 0.3-a-46-gb1f654a
     0 | D:1      | 0 ||| qw: Game counter: 2398
     0 | D:1      | 0 ||| qw: Melee chars always use a shield: true
     0 | D:1      | 0 ||| qw: God list: Okawaru
     0 | D:1      | 0 ||| qw: Allow faded altars: false
     0 | D:1      | 0 ||| qw: Do Orc after clearing Dungeon:15 true
     0 | D:1      | 0 ||| qw: Do second Lair branch before Depths: true
     0 | D:1      | 0 ||| qw: Lair rune preference: random
     0 | D:1      | 0 ||| qw: Goals: Normal
     0 | D:1      | 0 ||| PLANNING D:1-11
    99 | D:1      | Reached XP level 2. HP: 16/16 MP: 3/3
    99 | D:1      | Found Letaiji's General Store.
   105 | D:1      | 105 ||| SHOPLISTING +0 pair of gloves of the Other Side
                  | {Harm Rampage rC+ Dex+2} (227 gold, have 3).
   105 | D:1      | 105 ||| SHOPLISTING +2 robe of willpower (177 gold, have
                  | 3).
   105 | D:1      | 105 ||| SHOPLISTING +6 ring of dexterity (360 gold, have
                  | 3).
   105 | D:1      | 105 ||| SHOPLISTING potion of curing (30 gold, have 3).
   234 | D:1      | Reached skill level 3 in Ranged Weapons
   255 | D:1      | Found Faotos's General Store.
   265 | D:1      | 265 ||| SHOPLISTING 2 potions of might (104 gold, have 22).
   265 | D:1      | 265 ||| SHOPLISTING scroll of acquirement (676 gold, have
                  | 22).
   265 | D:1      | 265 ||| SHOPLISTING scroll of identify (26 gold, have 22).
   265 | D:1      | 265 ||| UPGRADING to +0 leather armour.
   275 | D:1      | 275 ||| DROPPING +0 robe.
   276 | D:1      | 276 ||| DROPPING scroll of poison.
   306 | D:1      | Found Yticeyrhuwk's Weapon Boutique.
   308 | D:1      | Found Ucouvapof's Armour Shoppe.
   314 | D:1      | 314 ||| SHOPLISTING +1 sling of flaming (97 gold, have 22).
   318 | D:1      | 318 ||| SHOPLISTING +0 pair of boots (58 gold, have 22).
   318 | D:1      | 318 ||| SHOPLISTING +0 pair of boots "Udelu" {rC+ Stlth+}
                  | (276 gold, have 22).
   318 | D:1      | 318 ||| SHOPLISTING +0 ring mail (52 gold, have 22).
   318 | D:1      | 318 ||| SHOPLISTING +2 pair of boots of flying (279 gold,
                  | have 22).
   318 | D:1      | 318 ||| SHOPLISTING +2 pair of gloves of infusion (279
                  | gold, have 22).
   318 | D:1      | 318 ||| SHOPLISTING +5 ring mail "Begoixos" {rElec rF+
                  | Stlth+} (686 gold, have 22).
   497 | D:1      | Reached XP level 3. HP: 19/21 MP: 4/4
   687 | D:1      | 687 ||| UPGRADING to amulet of reflection.
   692 | D:1      | 692 ||| UPGRADING to ring of resist corrosion.
   693 | D:1      | 693 ||| READING scroll labelled PIDUCHUNARPH.
   694 | D:1      | 694 ||| READING scroll labelled BUCWEV DIAHOATS.
   724 | D:2      | 724 ||| STAIRDANCE
   948 | D:2      | Noticed Sigmund
   956 | D:2      | HP: 5/21 [Sigmund/+0 scythe (6)]
   957 | D:2      | 957 ||| READING scroll of teleportation.
   961 | D:2      | 961 ||| READING scroll labelled PIHUOK NUNK.
  1041 | D:2      | Killed from afar by Sigmund

Levels and vault maps discovered:
D:1:      ncdulo_watergridlock, layout_basic, serial_shops,
          nicolae_shop_tiny_glass, shop, nicolae_shop_tiny_statue_garden,
          shop_statue
D:2:      layout_loops_ring, basic_altar, chequers_arboretum, uniq_sigmund

Skill      XL: |  1  2 |
---------------+-------+-----
Ranged Weapons | 3 |  3.8
Fighting       | 2 |  2.0
Dodging        | |  1.5
Spellcasting   | |  1.0
Hexes          | |  2.6

Action                     || total
---------------------------++-------
   Fire: Sling             ||   126
    Use: Scroll            ||     4
 Armour: Robe              ||     6
         Leather armour    ||    17
  Dodge: Dodged            ||    43
  Block: Other             ||     6
         Reflection        ||     1

Table legend:
 A = Non-vault XP
 B = Vault XP
 C = Vault XP percentage of total XP
 D = Non-vault monster count
 E = Vault monster count
 F = Vault count percentage of total count
                 A         B        C        D         E       F
            +---------+---------+-------+---------+---------+-------
      Total |      79 |       0 |   0.0 |      38 |       0 |   0.0
            +---------+---------+-------+---------+---------+-------
        D:1 |      45 |       0 |   0.0 |      24 |       0 |   0.0
        D:2 |      34 |       0 |   0.0 |      14 |       0 |   0.0
            +---------+---------+-------+---------+---------+-------
